 Dungeon Crawl Stone Soup version 0.22.0-81-g402daae900 (webtiles) character file.

139 JedernureinKreuz the Conjurer (level 5, 0/37 HPs)
             Began as a Gnoll Conjurer on Sept 16, 2018.
             Slain by an orc wizard
             ... wielding a +2 dagger of speed
              (2 damage)
             ... on level 3 of the Dungeon.
             The game lasted 00:09:13 (2439 turns).

JedernureinKreuz the Conjurer (Gnoll Conjurer)      Turns: 2439, Time: 00:09:13

Health: 0/37       AC:  3    Str: 10    XL:     5   Next: 22%
Magic:  2/12       EV: 14    Int: 18    God:
Gold:   198        SH:  0    Dex: 16    Spells: 6/14 levels left

rFire    . . .     SeeInvis .   h - +1 dagger
rCold    . . .     Gourm    .   (no shield)
rNeg     . . .     Faith    .   g - +0 leather armour
rPois    .         Spirit   .   (no helmet)
rElec    .         Reflect  .   (no cloak)
rCorr    .         Harm     .   (no gloves)
MR       .....                  (no boots)
Stlth    +++.......             (no amulet)
HPRegen  0.12/turn              (no ring)
MPRegen  0.13/turn              (no ring)

@: no status effects
A: distributed training, fangs 1, strong nose
a: no special abilities


You were on level 3 of the Dungeon.
You were not hungry.

You visited 1 branch of the dungeon, and saw 3 of its levels.

You collected 198 gold pieces.

Inventory:

Hand Weapons
 h - a +1 dagger (weapon)
Missiles
 e - 4 javelins (quivered)
 f - 11 bolts
 i - 42 arrows
Armour
 a - a +0 robe
 g - a +0 leather armour (worn)
Jewellery
 k - an uncursed ring of protection from magic {unknown}
 o - an uncursed amulet of regeneration {unknown}
 t - an uncursed ring of protection from fire {unknown}
Scrolls
 b - a scroll of remove curse
 j - a scroll of fear {unknown}
 l - 2 scrolls of identify {unknown}
 m - a scroll of teleportation {unknown}
 n - a scroll of enchant weapon
 p - 3 scrolls of blinking
 s - a scroll of immolation {unknown}
Potions
 d - a potion of lignification {unknown}
 q - a potion of mutation {unknown}
 r - a potion of flight {unknown}
Comestibles
 c - 5 rations


   Skills:
 + Level 1.4 Fighting
 + Level 1.4 Short Blades
 + Level 1.4 Long Blades
 + Level 1.4 Axes
 + Level 1.4 Maces & Flails
 + Level 1.4 Polearms
 + Level 1.4 Staves
 + Level 1.4 Slings
 + Level 1.4 Bows
 + Level 1.4 Crossbows
 + Level 1.4 Throwing
 + Level 1.4 Armour
 + Level 4.7 Dodging
 + Level 4.3 Stealth
 + Level 1.4 Shields
 + Level 1.4 Unarmed Combat
 + Level 5.1 Spellcasting
 + Level 7.2 Conjurations
 + Level 1.1 Hexes
 + Level 1.1 Charms
 + Level 1.1 Summonings
 + Level 1.1 Necromancy
 + Level 1.1 Translocations
 + Level 1.1 Transmutations
 + Level 1.1 Fire Magic
 + Level 1.1 Ice Magic
 + Level 1.1 Air Magic
 + Level 1.1 Earth Magic
 + Level 1.1 Poison Magic
 + Level 1.5 Invocations
 + Level 1.4 Evocations


You had 6 spell levels left.
You knew the following spells:

 Your Spells              Type           Power        Failure   Level  Hunger
a - Magic Dart            Conj           ####         1%          1    None
b - Iskenderun's Mystic   Conj           ####....     9%          4    ####...
c - Dazzling Spray        Conj/Hex       ###...       10%         3    ##.....

Your spell library contained the following spells:

 Spells                   Type           Power        Failure   Level  Hunger
 Searing Ray              Conj           ####..       1%          2    #......
 Force Lance              Conj/Tloc      ###.....     30%         4    ####...
 Fulminant Prism          Conj/Hex       ###.......   30%         4    ####...


Dungeon Overview and Level Annotations

Branches:
Dungeon (3/15)

Altars:
Nemelex Xobeh
The Shining One


Innate Abilities, Weirdness & Mutations

Your experience applies equally to all skills.
You have very sharp teeth.
Your uncanny sense of smell can sniff out nearby items.


Message History

The orc wizard is severely wounded.
The orc wizard hits you but does no damage.
You closely miss the orc wizard.
You bite the orc wizard, but do no damage.
The orc wizard is severely wounded.
The orc wizard closely misses you.
You hit the orc wizard.
The orc wizard is severely wounded.
The orc wizard casts a spell at you. The puff of frost hits you!
* * * LOW HITPOINT WARNING * * *
Casting: Iskenderun's Mystic Blast (safe; 9% risk of failure)
Confirm with . or Enter, or press ? or * to list all spells.
Aiming: Magic Dart (safe; 1% risk of failure)
Press: ? - help, Shift-Dir - straight line, f - orc wizard
Aim: an orc wizard, wielding a dagger of speed and wearing a robe (severely The magic dart hits the orc wizard.
The orc wizard is almost dead.
The orc wizard hits you with a dagger of speed.
You die...

## ##############. ###
#.......#...... ....
#.......#......
....######.......#......
......^..(.......'......
.........(.......#.....)
#..........#######.....)
#......@...# #.........#
####..[o##.# #.........#
........##.# #..........
........##.# #..........
....()####.# #..........
..(... .# #..........
#..... #.........#
#..... ..########
......####


You could see an orc wizard.

Vanquished Creatures
  3 gnolls (D:3)
  4 adders
  4 worms (D:2)
  A dart slug (D:1)
  A leopard gecko (D:2)
  3 orcs (D:3)
  A ball python (D:3)
  5 giant cockroaches
  8 goblins
  8 hobgoblins
  3 bats
  6 frilled lizards
  7 kobolds
  3 rats
57 creatures vanquished.

Notes
Turn   | Place    | Note
-------+----------+-------------------------------------------
     0 | D:1      | JedernureinKreuz the Gnoll Conjurer began the quest for the
                  | Orb.
     0 | D:1      | Reached XP level 1. HP: 13/13 MP: 6/6
   115 | D:1      | Reached XP level 2. HP: 8/19 MP: 4/7
   587 | D:1      | Reached XP level 3. HP: 25/25 MP: 7/9
   764 | D:2      | Reached skill level 5 in Spellcasting
   794 | D:2      | HP: 1/25 [poisoned by an adder]
  1114 | D:2      | Reached skill level 1 in Invocations
  1247 | D:2      | Reached skill level 1 in Fighting
  1247 | D:2      | Reached skill level 1 in Short Blades
  1247 | D:2      | Reached skill level 1 in Long Blades
  1247 | D:2      | Reached skill level 1 in Axes
  1247 | D:2      | Reached skill level 1 in Maces & Flails
  1247 | D:2      | Reached skill level 1 in Polearms
  1247 | D:2      | Reached skill level 1 in Staves
  1247 | D:2      | Reached skill level 1 in Slings
  1247 | D:2      | Reached skill level 1 in Bows
  1247 | D:2      | Reached skill level 1 in Crossbows
  1247 | D:2      | Reached skill level 1 in Throwing
  1247 | D:2      | Reached skill level 1 in Armour
  1247 | D:2      | Reached skill level 1 in Shields
  1247 | D:2      | Reached skill level 1 in Unarmed Combat
  1247 | D:2      | Reached skill level 1 in Evocations
  1263 | D:2      | Found a glowing golden altar of the Shining One.
  1315 | D:2      | Reached XP level 4. HP: 15/32 MP: 9/11
  1768 | D:2      | Found a sparkling altar of Nemelex Xobeh.
  1827 | D:2      | Learned a level 4 spell: Iskenderun's Mystic Blast
  1831 | D:2      | Learned a level 3 spell: Dazzling Spray
  2084 | D:3      | Reached skill level 1 in Hexes
  2084 | D:3      | Reached skill level 1 in Charms
  2084 | D:3      | Reached skill level 1 in Summonings
  2084 | D:3      | Reached skill level 1 in Necromancy
  2084 | D:3      | Reached skill level 1 in Translocations
  2084 | D:3      | Reached skill level 1 in Transmutations
  2084 | D:3      | Reached skill level 1 in Fire Magic
  2084 | D:3      | Reached skill level 1 in Ice Magic
  2084 | D:3      | Reached skill level 1 in Air Magic
  2084 | D:3      | Reached skill level 1 in Earth Magic
  2084 | D:3      | Reached skill level 1 in Poison Magic
  2096 | D:3      | HP: 1/32 [gnoll/flail (5)]
  2097 | D:3      | Reached XP level 5. HP: 1/37 MP: 0/12
  2438 | D:3      | HP: 1/37 [orc wizard/puff of frost (4)]
  2439 | D:3      | Slain by an orc wizard

Skill      XL: |  1  2  3  4 |
---------------+-------------+-----
Spellcasting   | 5 |  5.1
Invocations    | 1 |  1.5
Fighting       | 1 |  1.4
Short Blades   | 1 |  1.4
Long Blades    | 1 |  1.4
Axes           | 1 |  1.4
Maces & Flails | 1 |  1.4
Polearms       | 1 |  1.4
Staves         | 1 |  1.4
Slings         | 1 |  1.4
Bows           | 1 |  1.4
Crossbows      | 1 |  1.4
Throwing       | 1 |  1.4
Armour         | 1 |  1.4
Shields        | 1 |  1.4
Unarmed Combat | 1 |  1.4
Evocations     | 1 |  1.4
Hexes          | 1 |  1.1
Charms         | 1 |  1.1
Summonings     | 1 |  1.1
Necromancy     | 1 |  1.1
Translocations | 1 |  1.1
Transmutations | 1 |  1.1
Fire Magic     | 1 |  1.1
Ice Magic      | 1 |  1.1
Air Magic      | 1 |  1.1
Earth Magic    | 1 |  1.1
Poison Magic   | 1 |  1.1
Dodging        | |  4.7
Stealth        | |  4.3
Conjurations   | |  7.2

Action                   |  1- 3 |  4- 6 || total
-------------------------+-------+-------++-------
Melee: Dagger            |    49 |    42 ||    91
       Bite              |     2 |     8 ||    10
       Punch             |       |     1 ||     1
Throw: Javelin           |     5 |     6 ||    11
 Cast: Magic Dart        |    40 |    42 ||    82
       Iskenderun's Myst |       |     3 ||     3
       Dazzling Spray    |       |     1 ||     1
  Use: Scroll            |     1 |     4 ||     5
 Stab: Sleeping          |     3 |     1 ||     4
  Eat: Chunk             |     1 |     4 ||     5
Armor: Leather armour    |     7 |     6 ||    13
Dodge: Dodged            |    49 |    19 ||    68
